 Dungeon Crawl Stone Soup version 0.19-a0-1686-g35356ef (webtiles) character file.

99 Kurtz the Gusty (level 5, -4/28 HPs)
             Began as a Kobold Air Elementalist on Sept 25, 2016.
             Killed by divine providence
             ... invoked by an orc priest
              (14 damage)
             ... on level 4 of the Dungeon.
             The game lasted 00:06:57 (2693 turns).

Kurtz the Gusty (Kobold Air Elementalist)           Turns: 2693, Time: 00:06:58

Health: -4/28      AC:  3    Str:  5    XL:     5   Next: 2%
Magic:  6/10       EV: 15    Int: 17    God:
Gold:   68         SH:  0    Dex: 16    Spells: 4 memorised, 2 levels left

rFire  . . .     SeeInvis .     r - +2 whip (drain)
rCold  + . .     Gourm    .     a - +0 robe
rNeg   . . .     Faith    .     (shield restricted)
rPois  .         Spirit   .     (no helmet)
rElec  .         Dismiss  .     (no cloak)
rCorr  .         Reflect  .     (no gloves)
MR     .....     Harm     .     (no boots)
Stlth  +++.......               (no amulet)
                                o - ring of stealth
                                f - ring of protection from cold

@: no status effects
A: carnivore 3
a: no special abilities


You were on level 4 of the Dungeon.
You were completely stuffed.

You visited 1 branch of the dungeon, and saw 4 of its levels.

You collected 68 gold pieces.

Inventory:

Hand Weapons
 l - a +0 dagger
 p - a +0 hand axe
 r - a +2 whip of draining (weapon)
Armour
 a - a +0 robe (worn)
Jewellery
 f - a ring of protection from cold (left hand)
 o - a ring of stealth (right hand)
Scrolls
 g - a scroll of random uselessness {unknown}
 i - 2 scrolls of fog {unknown}
 j - a scroll of remove curse {unknown}
 k - a scroll of magic mapping {unknown}
 m - 4 scrolls of identify {unknown}
 n - 3 scrolls of enchant weapon {unknown}
 q - a scroll of teleportation {unknown}
Potions
 d - a potion of haste {unknown}
 e - a potion of lignification {unknown}
Books
 b - a book of Air

   Spells                             Type                      Level
   a - Shock                          Conjuration/Air              1
   b - Swiftness                      Charms/Air                   2
   c - Repel Missiles                 Charms/Air                   2
   d - Static Discharge               Conjuration/Air              3
   e - Lightning Bolt                 Conjuration/Air              5
Comestibles
 c - a meat ration
 h - 2 beef jerkies
 s - 3 chunks of flesh


   Skills:
 - Level 2.4 Dodging
 + Level 2.6 Stealth
 * Level 3.4 Spellcasting
 * Level 1.8 Conjurations
 * Level 4.2 Air Magic


You had 2 spell levels left.
You knew the following spells:

 Your Spells              Type           Power        Failure   Level  Hunger
a - Shock                 Conj/Air       ##..         6%          1    None
b - Repel Missiles        Chrm/Air       ##....       14%         2    ##.....
c - Swiftness             Chrm/Air       ##......     14%         2    ##.....
d - Static Discharge      Conj/Air       ##......     17%         3    ###....


Dungeon Overview and Level Annotations

Branches:
Dungeon (4/15)
 Temple: D:4-7

Altars:
Sif Muna

Annotations:
D:3 Kurtz's ghost, amateur KoIE


Innate Abilities, Weirdness & Mutations

You are small and have problems with some larger weapons.
You are carnivorous and can eat meat at any time.


Message History

Beogh smites you! The orc closely misses you.
An orc comes into view.
Unknown command.
Casting: Shock
Confirm with . or Enter, or press ? or * to list all spells.
Aiming: Shock
Press: ? - help, Shift-Dir - straight line, f - orc, p - orc priest
Aim: an orc (hasn't noticed you)
The zap hits the orc.
You kill the orc!
The zap hits the orc priest.
The orc priest is lightly wounded.
The zap hits the orc priest.
The orc priest appears unharmed.
The zap hits the orc.
The orc is heavily wounded.
The orc shouts!
The orc priest mumbles some strange prayers to Beogh against you.
Beogh smites you!
Ouch! That really hurt!
You die...

#......# #...
#......# #.... ...
#...!.##).# .o
#........# .o
#......### .#
#..%...##### .#
#..........# ##o#
#.%...##...###).#
########...##.@#
###### #
#.....##.##
###....#
.....####รท..#
##...####
...##.....###
#..###
..>........#####.##
............##...#
..............###
...............#
...........###.####


You could see 2 orc priests and an orc.

Vanquished Creatures
  A gnoll (D:4)
  4 adders
  2 worms (D:2)
  A dart slug (D:1)
  An orc (D:4)
  A ball python (D:1)
  6 bats
  3 giant cockroaches (D:2)
  5 goblins
  3 hobgoblins (D:2)
  4 jackals (D:2)
  5 frilled lizards
  6 kobolds
  5 rats
47 creatures vanquished.

Notes
Turn   | Place    | Note
-------+----------+-------------------------------------------
     0 | D:1      | Kurtz the Kobold Air Elementalist began the quest for the Orb.
     0 | D:1      | Reached XP level 1. HP: 10/10 MP: 3/3
   510 | D:1      | Reached XP level 2. HP: 15/15 MP: 1/5
   936 | D:2      | Reached XP level 3. HP: 17/19 MP: 4/6
  1545 | D:2      | Reached XP level 4. HP: 15/24 MP: 4/8
  1981 | D:2      | Reached skill level 4 in Air Magic
  2375 | D:2      | Found a deep blue altar of Sif Muna.
  2431 | D:3      | Noticed Kurtz's ghost (amateur KoIE)
  2610 | D:4      | Learned a level 2 spell: Repel Missiles
  2613 | D:4      | Learned a level 2 spell: Swiftness
  2617 | D:4      | Learned a level 3 spell: Static Discharge
  2639 | D:4      | Reached XP level 5. HP: 28/28 MP: 5/10
  2693 | D:4      | Killed from afar by an orc priest

Vault maps used:
D:1:      dpeg_arrival_water_fire, minmay_misc_feat_alley,
          kennysheep_flooded_box
D:2:      first_bread, lemuel_blue_sif_altar
D:3:      okawaru_altar_gauntlet_db, uniq_sigmund
D:4:      grunt_decor_fettered, uniq_blork_the_orc, uniq_menkaure,
          uniq_eustachio

Skill      XL: |  1  2  3  4 |
---------------+-------------+-----
Spellcasting   | 3 |  3.4
Air Magic      | 4 |  4.2
Dodging        | |  2.4
Stealth        | |  2.6
Conjurations   | |  1.8

Action                   |  1- 3 |  4- 6 || total
-------------------------+-------+-------++-------
Melee: Unarmed           |     3 |       ||     3
       Hand axe          |    57 |    22 ||    79
       Dagger            |     2 |       ||     2
       Whip              |       |     5 ||     5
 Cast: Shock             |    33 |    53 ||    86
  Use: Potion            |     5 |       ||     5
 Stab: Sleeping          |     1 |       ||     1
  Eat: Chunk             |    11 |     3 ||    14
Armor: Robe              |    20 |     4 ||    24
Dodge: Dodged            |    98 |    30 ||   128
